[Event "M.Chigorin Memorial 2014"]
[Site "St. Petersburg"]
[Date "2014.10.23"]
[Round "6.1"]
[White "Kazhgaleyev, Murtas"]
[Black "Ivanisevic, Ivan"]
[Result "0-1"]
[ECO "E90"]
[WhiteElo "2566"]
[BlackElo "2623"]
[PlyCount "108"]
[EventDate "2014.10.18"]
[TimeControl "6000+935"]
[WhiteClock "0:04:17"]
[BlackClock "0:14:42"]

1. d4 Nf6 2. c4 c5 3. d5 g6 4. Nc3 Bg7 5. e4 O-O 6. Nf3 e6 7. Be2 d6 8. h3 exd5
9. exd5 Bf5 10. O-O Ne4 11. Nxe4 Bxe4 12. Re1 Bxf3 13. Bxf3 Nd7 14. Qc2 Ne5 15.
Be2 Qh4 16. Bd2 f5 17. b4 Nd7 18. Bc3 Bxc3 19. Qxc3 cxb4 20. Qxb4 Nc5 21. Bf1
Rae8 22. Qa3 a6 23. Qc3 Kf7 24. Rab1 Qf6 25. Qa5 Qd8 26. Qc3 Rxe1 27. Rxe1 Re8
28. Rb1 f4 29. Qd2 Qf6 30. Be2 h5 31. Bf3 Kg7 32. Qa5 Kh6 33. Qd2 Re7 34. Kh2
Qe5 35. Kg1 Kg7 36. Rd1 Kf7 37. Rb1 Ke8 38. Qc2 Qf6 39. Rd1 Kd8 40. Kh2 Kc8 41.
Qb1 Kc7 42. Qc2 Re8 43. Kg1 Re5 44. Qd2 Qf7 45. Rb1 Re8 46. Qb2 Kb8 47. Qd4 g5
48. Qb2 Qg6 49. Bxh5 Qxh5 50. Qf6 Kc7 51. Qg7+ Kc8 52. Rb6 g4 53. Rxd6 gxh3 54.
gxh3 Qxh3 0-1

[Event "M.Chigorin Memorial 2014"]
[Site "St. Petersburg"]
[Date "2014.10.23"]
[Round "6.2"]
[White "Khismatullin, Denis"]
[Black "Lintchevski, Daniil"]
[Result "1-0"]
[ECO "D15"]
[WhiteElo "2681"]
[BlackElo "2555"]
[PlyCount "67"]
[EventDate "2014.10.18"]
[TimeControl "6000+1275"]
[WhiteClock "0:01:20"]
[BlackClock "0:16:22"]

1. c4 c6 2. Nc3 d5 3. d4 Nf6 4. e3 a6 5. Nf3 b5 6. b3 Bg4 7. a4 b4 8. Ne2 Bxf3
9. gxf3 a5 10. Ng3 g6 11. cxd5 Nxd5 12. Bb2 Bg7 13. Rc1 O-O 14. f4 f5 15. Bg2
e6 16. O-O Ra7 17. Qe2 Bf6 18. Rc2 Rg7 19. Kh1 Be7 20. Rg1 Bd6 21. Nf1 h6 22.
Nd2 g5 23. Bf3 g4 24. Bg2 Qh4 25. Nc4 Nxf4 26. exf4 Bxf4 27. h3 gxh3 28. Bf3
Rxg1+ 29. Kxg1 Kh7 30. Qxe6 Rg8+ 31. Kf1 h2 32. Qxf5+ Rg6 33. Bh1 Qg5 34. Qf7+
1-0

[Event "M.Chigorin Memorial 2014"]
[Site "St. Petersburg"]
[Date "2014.10.23"]
[Round "6.3"]
[White "Volkov, Sergey"]
[Black "Predke, Alexandr"]
[Result "1/2-1/2"]
[ECO "D38"]
[WhiteElo "2599"]
[BlackElo "2511"]
[PlyCount "81"]
[EventDate "2014.10.18"]
[TimeControl "6000+2390"]
[WhiteClock "0:43:07"]
[BlackClock "0:30:52"]

1. d4 Nf6 2. c4 e6 3. Nf3 d5 4. Nc3 Bb4 5. Qa4+ Nc6 6. e3 O-O 7. Bd2 dxc4 8.
Bxc4 a6 9. Qc2 Bd6 10. Rd1 e5 11. d5 Nb4 12. Qb1 b5 13. Bd3 Nxd3+ 14. Qxd3 b4
15. Ne4 Nxe4 16. Qxe4 f5 17. Qc2 Rb8 18. O-O Rb5 19. e4 h6 20. Bc1 fxe4 21. Nd2
Bg4 22. Rde1 Qa8 23. Nxe4 Qxd5 24. Ng3 Qf7 25. Be3 Bc8 26. b3 Bb7 27. f3 Bd5
28. Rf2 Rbb8 29. Rd2 Rb5 30. Red1 Bb7 31. Ne4 Bxe4 32. Qxe4 Qf5 33. Qc6 e4 34.
fxe4 Qe6 35. g3 Re5 36. Qxa6 Rxe4 37. Bf2 h5 38. Qd3 Qg4 39. Qd5+ Kh7 40. Rd4
Rxd4 41. Rxd4 1/2-1/2

[Event "M.Chigorin Memorial 2014"]
[Site "St. Petersburg"]
[Date "2014.10.23"]
[Round "6.5"]
[White "Alekseenko, Kirill"]
[Black "Alekseev, Evgeny"]
[Result "1/2-1/2"]
[ECO "C65"]
[WhiteElo "2483"]
[BlackElo "2682"]
[PlyCount "73"]
[EventDate "2014.10.18"]
[TimeControl "6000+755"]
[WhiteClock "0:11:19"]
[BlackClock "0:12:58"]

1. e4 e5 2. Nf3 Nc6 3. Bb5 Nf6 4. d3 Bc5 5. Bxc6 dxc6 6. h3 Nd7 7. O-O O-O 8.
Be3 Bd6 9. Nc3 Re8 10. Nd2 f6 11. Nc4 Be7 12. Ne2 Bf8 13. Kh1 b6 14. f4 exf4
15. Nxf4 Ne5 16. Nxe5 Rxe5 17. Nh5 Bd7 18. Bf4 Re6 19. Bd2 Qe8 20. Bc3 Bd6 21.
Qf3 Qf7 22. Rae1 Rf8 23. Ng3 c5 24. b3 Be5 25. Bxe5 Rxe5 26. Nf5 Bxf5 27. exf5
Rfe8 28. Rxe5 Rxe5 29. Qa8+ Qe8 30. Qxa7 Re1 31. Rxe1 Qxe1+ 32. Kh2 Qe5+ 33.
Kh1 Qe1+ 34. Kh2 Qe5+ 35. Kh1 Qe1+ 36. Kh2 Qe5+ 37. Kh1 1/2-1/2

[Event "M.Chigorin Memorial 2014"]
[Site "St. Petersburg"]
[Date "2014.10.23"]
[Round "6.6"]
[White "Batchuluun, Tsegmed"]
[Black "Matlakov, Maxim"]
[Result "1/2-1/2"]
[ECO "E19"]
[WhiteElo "2523"]
[BlackElo "2692"]
[PlyCount "109"]
[EventDate "2014.10.18"]
[TimeControl "6000+1070"]
[WhiteClock "0:26:19"]
[BlackClock "0:31:55"]

1. d4 Nf6 2. c4 e6 3. Nf3 b6 4. g3 Bb7 5. Bg2 Be7 6. Nc3 Ne4 7. Qc2 Nxc3 8.
Qxc3 O-O 9. O-O d6 10. b3 Nd7 11. Bb2 a5 12. Rad1 Qe8 13. Qc2 Nf6 14. Ne1 Bxg2
15. Nxg2 a4 16. e4 b5 17. e5 axb3 18. axb3 dxe5 19. dxe5 Nd7 20. Nf4 Nb6 21.
cxb5 Qxb5 22. Qxc7 Bg5 23. Bd4 Bxf4 24. Qxb6 Qxb6 25. Bxb6 Bxe5 26. Bc5 Rfb8
27. b4 h5 28. Rd7 Rb5 29. Rc1 Ra3 30. Rc4 Rb8 31. Kg2 Rb3 32. Rh4 g6 33. Re4
Bf6 34. h4 Rd8 35. Rb7 Rd5 36. Rc7 g5 37. hxg5 Rxg5 38. Rf4 Kg7 39. Rf3 Rb1 40.
Bf8+ Kg6 41. Be7 Bxe7 42. Rxe7 Rf5 43. Rxf5 exf5 44. Rb7 Rb3 45. b5 f4 46. gxf4
f6 47. b6 Kf5 48. Rb8 Kxf4 49. b7 f5 50. Kh2 Rb2 51. Kh3 Rb1 52. Kg2 Rb3 53.
Kh2 Rb2 54. Kh3 Rb1 55. Kg2 1/2-1/2

[Event "M.Chigorin Memorial 2014"]
[Site "St. Petersburg"]
[Date "2014.10.23"]
[Round "6.7"]
[White "Rodshtein, Maxim"]
[Black "Zontakh, Andrey"]
[Result "1-0"]
[ECO "E18"]
[WhiteElo "2678"]
[BlackElo "2539"]
[PlyCount "71"]
[EventDate "2014.10.18"]
[TimeControl "6000+1480"]
[WhiteClock "0:08:20"]
[BlackClock "0:03:55"]

1. d4 Nf6 2. c4 e6 3. Nf3 b6 4. g3 Bb7 5. Bg2 Be7 6. O-O O-O 7. Re1 Na6 8. Nc3
Ne4 9. Bf4 d6 10. Qc2 Nb4 11. Qb3 Nxc3 12. Qxc3 c5 13. a3 Nc6 14. d5 Nd4 15.
dxe6 Nxe6 16. Rad1 Nxf4 17. gxf4 Qc7 18. e3 Rad8 19. Qb3 Qc8 20. Rf1 f5 21. Ne1
Bxg2 22. Kxg2 Qe6 23. Qd3 a6 24. a4 b5 25. axb5 axb5 26. cxb5 d5 27. Nf3 Qb6
28. b3 Qb7 29. Ne5 c4 30. Qc2 Qxb5 31. bxc4 Qc5 32. Qa4 Ra8 33. Qd7 dxc4 34.
Qe6+ Kh8 35. Nd7 Qb4 36. Rb1 1-0

[Event "M.Chigorin Memorial 2014"]
[Site "St. Petersburg"]
[Date "2014.10.23"]
[Round "6.9"]
[White "Kokarev, Dmitry"]
[Black "Demidov, Mikhail"]
[Result "1-0"]
[ECO "C11"]
[WhiteElo "2626"]
[BlackElo "2516"]
[PlyCount "155"]
[EventDate "2014.10.18"]
[TimeControl "6000+815"]
[WhiteClock "0:20:34"]
[BlackClock "0:07:17"]

1. e4 e6 2. d4 d5 3. Nc3 Nf6 4. e5 Nfd7 5. f4 c5 6. Nf3 Nc6 7. Be3 cxd4 8. Nxd4
Qb6 9. Qd2 Qxb2 10. Rb1 Qa3 11. Bb5 Nxd4 12. Bxd4 a6 13. Bxd7+ Bxd7 14. Rb3 Qe7
15. Rxb7 Qh4+ 16. Bf2 Qd8 17. Bb6 Qc8 18. Rc7 Qd8 19. Qd4 Rc8 20. Rc6 Qe7 21.
Rxc8+ Bxc8 22. Kd2 Qb4 23. Rb1 Qxd4+ 24. Bxd4 Kd7 25. Na4 Kc7 26. Bb6+ Kc6 27.
Ba7 Bb7 28. Bb8 Bb4+ 29. Rxb4 Rxb8 30. Ke3 Rg8 31. Kd4 Kc7 32. Nc5 Bc8 33. Rb3
g5 34. Rg3 g4 35. Rc3 Kb8 36. a4 h5 37. a5 h4 38. Rb3+ Kc7 39. Rb6 g3 40. h3
Rh8 41. Nxa6+ Bxa6 42. Rxa6 Kb7 43. Rb6+ Ka7 44. Rc6 Rb8 45. Rc7+ Ka6 46. Rxf7
Rb4+ 47. Kd3 Kxa5 48. f5 exf5 49. Rxf5 Kb6 50. e6 Re4 51. Rh5 Kc5 52. e7 Rxe7
53. Rxh4 Re1 54. Rg4 Rd1+ 55. Ke2 Rh1 56. Rxg3 Kc4 57. Kd2 Kd4 58. Rg4+ Ke5 59.
h4 Kf5 60. Rg5+ Ke4 61. h5 Rh2 62. Kc3 d4+ 63. Kc4 Rh4 64. Rg3 Rxh5 65. Rg4+
Ke3 66. Rxd4 Rg5 67. g4 Rg8 68. c3 Rc8+ 69. Kb3 Rb8+ 70. Kc2 Rg8 71. Rd3+ Ke4
72. Rg3 Kf4 73. Rg1 Kf3 74. c4 Kf2 75. Rd1 Rxg4 76. Kc3 Ke2 77. Rd8 Rg3+ 78.
Kb4 1-0

[Event "M.Chigorin Memorial 2014"]
[Site "St. Petersburg"]
[Date "2014.10.23"]
[Round "6.10"]
[White "Andriasian, Zaven"]
[Black "Gordievsky, Dmitry"]
[Result "1-0"]
[ECO "C55"]
[WhiteElo "2622"]
[BlackElo "2455"]
[PlyCount "55"]
[EventDate "2014.10.18"]
[TimeControl "6000+920"]
[WhiteClock "0:50:11"]
[BlackClock "0:13:27"]

1. e4 e5 2. Nf3 Nc6 3. Bc4 Nf6 4. d3 Be7 5. O-O d6 6. a4 O-O 7. h3 Na5 8. Ba2
c5 9. Nc3 Nc6 10. Bg5 Nd7 11. Be3 Nb4 12. Bb3 Nb8 13. Ne2 N8c6 14. c3 Na6 15.
d4 exd4 16. cxd4 Bf6 17. Rc1 cxd4 18. Nexd4 Qe7 19. Nxc6 bxc6 20. Rxc6 Bb7 21.
Rxd6 Rad8 22. e5 Bxe5 23. Rxd8 Rxd8 24. Nxe5 Rxd1 25. Rxd1 Kf8 26. Nxf7 Nc7 27.
Rd8+ Ne8 28. Ng5 1-0

[Event "M.Chigorin Memorial 2014"]
[Site "St. Petersburg"]
[Date "2014.10.23"]
[Round "6.11"]
[White "Matinian, Nikita"]
[Black "Ponkratov, Pavel"]
[Result "1/2-1/2"]
[ECO "C13"]
[WhiteElo "2470"]
[BlackElo "2617"]
[PlyCount "91"]
[EventDate "2014.10.18"]
[TimeControl "6000+2075"]
[WhiteClock "0:36:30"]
[BlackClock "0:33:59"]

1. e4 e6 2. d4 d5 3. Nc3 Nf6 4. Bg5 dxe4 5. Nxe4 Be7 6. Bxf6 gxf6 7. Nf3 f5 8.
Nc3 a6 9. g3 b5 10. Bg2 Bb7 11. O-O c5 12. d5 b4 13. dxe6 bxc3 14. exf7+ Kf8
15. Qc1 Qd6 16. bxc3 Be4 17. Ng5 Bxg2 18. Kxg2 Qh6 19. h4 Qc6+ 20. Nf3 Kxf7 21.
Re1 Ra7 22. Qf4 Rf8 23. Rab1 Rb7 24. Rxb7 Qxb7 25. Qxf5+ Kg7 26. Qg4+ Kh8 27.
Re4 Nc6 28. Qe6 Qc8 29. Qc4 Rf6 30. Ng5 h6 31. Ne6 Qg8 32. Qe2 Bd6 33. h5 a5
34. a4 Ne7 35. Nf4 Rxf4 36. Rxf4 Bxf4 37. Qxe7 Qd5+ 38. Kg1 Qd1+ 39. Kg2 Qd5+
40. Kg1 Bd2 41. Qf8+ Kh7 42. Qe7+ Kg8 43. Qe8+ Kg7 44. Qe7+ Kg8 45. Qe8+ Kg7
46. Qe7+ 1/2-1/2

[Event "M.Chigorin Memorial 2014"]
[Site "St. Petersburg"]
[Date "2014.10.23"]
[Round "6.12"]
[White "Bukavshin, Ivan"]
[Black "Paravyan, David"]
[Result "1-0"]
[ECO "D02"]
[WhiteElo "2616"]
[BlackElo "2424"]
[PlyCount "77"]
[EventDate "2014.10.18"]
[TimeControl "6000+1140"]
[WhiteClock "0:51:38"]
[BlackClock "0:00:33"]

1. d4 Nf6 2. Nf3 g6 3. Nbd2 d5 4. e3 c5 5. dxc5 Qa5 6. a3 Qxc5 7. b4 Qd6 8. Bb2
Bg7 9. c4 dxc4 10. Bxc4 O-O 11. O-O Be6 12. Qb3 Bxc4 13. Nxc4 Qe6 14. Nd4 Qg4
15. Rac1 Nbd7 16. Na5 e5 17. Nb5 e4 18. Nd6 Qh5 19. h3 Ne5 20. Bxe5 Qxe5 21.
Naxb7 Qe7 22. Rfd1 Ne8 23. Rc4 Be5 24. Rxe4 Nf6 25. Rc4 h5 26. f4 Bxd6 27. Nxd6
h4 28. e4 Nh5 29. e5 Rad8 30. Qf3 Qe6 31. Rcd4 Qa2 32. f5 Qb2 33. Qe3 Qc2 34.
Rc1 Qb2 35. Rxh4 Ng3 36. Re1 Rxd6 37. Qxg3 Rc6 38. e6 Kg7 39. Rf1 1-0